 Dungeon Crawl Stone Soup version 0.21.1-1-g345015f (webtiles) character file.

69 Misua the Sneak (level 4, -3/21 HPs)
             Began as a Spriggan Enchanter on Mar 2, 2018.
             Killed by divine providence
             ... invoked by an orc priest
              (12 damage)
             ... on level 2 of the Dungeon.
             The game lasted 00:13:28 (2395 turns).

Misua the Sneak (Spriggan Enchanter)                Turns: 2395, Time: 00:13:29

Health: -3/21      AC:  2    Str:  5    XL:     4   Next: 2%
Magic:  2/10       EV: 18    Int: 16    God:
Gold:   68         SH:  0    Dex: 16    Spells: 4/10 levels left

rFire    x . .     SeeInvis +   a - +1 dagger
rCold    + . .     Gourm    .   (shield restricted)
rNeg     . . .     Faith    .   j - +0 robe (curse)
rPois    .         Spirit   .   (helmet restricted)
rElec    .         Reflect  .   (no cloak)
rCorr    .         Harm     .   (gloves unavailable)
MR       .....                  (boots unavailable)
Stlth    +++.......             (no amulet)
HPRegen  0.07/turn              g - ring of ice
MPRegen  0.12/turn              (no ring)

@: very quick
A: very small, unfitting armour, see invisible, herbivore, speed 3, slow
metabolism 2
a: no special abilities


You were on level 2 of the Dungeon.
You were very hungry.

You visited 1 branch of the dungeon, and saw 2 of its levels.

You collected 68 gold pieces.

Inventory:

Hand Weapons
 a - a +1 dagger (weapon)
Armour
 b - a +0 robe
 j - a cursed +0 robe (worn)
Jewellery
 f - an uncursed amulet of magic regeneration {unknown}
 g - a ring of ice (left hand)
 k - an uncursed ring of flight {unknown}
Scrolls
 h - a scroll of amnesia {unknown}
Potions
 e - a potion of heal wounds {unknown}
 i - a potion of ambrosia {unknown}
 l - 2 potions of brilliance {unknown}
Books
 c - a book of Maledictions

   Spells                             Type                      Level
   a - Corona                         Hexes                        1
   b - Ensorcelled Hibernation        Hexes/Ice                    2
   c - Confuse                        Hexes                        3
   d - Tukima's Dance                 Hexes                        3
   e - Dazzling Spray                 Conjuration/Hexes            3
Comestibles
 d - 3 rations


   Skills:
 + Level 2.0 Short Blades
 - Level 3.0 Dodging
 + Level 5.2 Stealth
 * Level 3.7 Spellcasting
 * Level 4.4 Hexes


You had 4 spell levels left.
You knew the following spells:

 Your Spells              Type           Power        Failure   Level  Hunger
a - Corona                Hex            ###....      2%          1    None
b - Ensorcelled Hibernat  Hex/Ice        ###...       11%         2    ##.....
c - Confuse               Hex            ###.....     9%          3    ###....


Dungeon Overview and Level Annotations

Branches:
Dungeon (2/15)

Altars:


Innate Abilities, Weirdness & Mutations

You are very small and have problems with some larger weapons.
You are too small for most types of armour.
You have supernaturally acute eyesight. (SInv)
You are a herbivore.
You cover ground extremely quickly.
You need consume almost no food.


Message History

The orc priest invokes the aid of Beogh against you.
You struggle to resist.
You are feeling very hungry.
You barely miss the orc priest.
The orc priest is severely wounded.
The orc priest completely misses you.
You closely miss the orc priest.
The orc priest is severely wounded.
The orc priest closely misses you.
You hit the orc priest.
The orc priest is almost dead.
The orc priest hits you with a hand axe.
You closely miss the orc priest.
The orc priest is almost dead.
You hit the orc priest.
The orc priest is almost dead.
The orc priest invokes the aid of Beogh against you.
Beogh smites you!
Ouch! That really hurt!
You die...

#.# #.# #.# ##.## #####
#...####.## ##...## #.#....#.##
#####.....###########...##.#...
#..........#...o.......###.#.##
#.............@#######.###รท....
#..........#...# #.......##.##
##.##.....###### #.##.##.##.##
####.###...## #.##.##.##.##
#.......#### #.##.##.##...
#.##.##.# #.##o##.#####
#.##..#.# ##.##.##.# # #.###.#.#
(. #.).....o##### #.......# ...#
#.###..##....o


You could see an orc priest.

Vanquished Creatures
  3 adders
  A worm (D:2)
  2 orcs (D:2)
  6 bats
  4 giant cockroaches
  4 goblins
  3 hobgoblins
  4 kobolds
  A ball python (D:1)
  A frilled lizard (D:1)
  8 rats
37 creatures vanquished.

Notes
Turn   | Place    | Note
-------+----------+-------------------------------------------
     0 | D:1      | Misua the Spriggan Enchanter began the quest for the Orb.
     0 | D:1      | Reached XP level 1. HP: 9/9 MP: 5/5
   609 | D:1      | Reached XP level 2. HP: 13/13 MP: 7/7
   613 | D:1      | Learned a level 2 spell: Ensorcelled Hibernation
  1456 | D:1      | Reached skill level 5 in Stealth
  1456 | D:1      | Reached XP level 3. HP: 13/16 MP: 1/8
  1636 | D:2      | Learned a level 3 spell: Confuse
  2303 | D:2      | Reached XP level 4. HP: 21/21 MP: 5/10
  2395 | D:2      | Killed from afar by an orc priest

Skill      XL: |  1  2  3 |
---------------+----------+-----
Spellcasting   | 3 |  3.7
Hexes          | 4 |  4.4
Stealth        | 5 |  5.2
Short Blades   | 2 |  2.0
Dodging        | |  3.0

Action                   |  1- 3 |  4- 6 || total
-------------------------+-------+-------++-------
Melee: Dagger            |    78 |    10 ||    88
 Cast: Ensorcelled Hiber |    26 |     3 ||    29
       Confuse           |     1 |     1 ||     2
  Use: Scroll            |     3 |       ||     3
 Stab: Sleeping          |    24 |       ||    24
       Distracted        |     1 |       ||     1
Armor: Robe              |     9 |       ||     9
Dodge: Dodged            |    65 |     3 ||    68
